 Dungeon Crawl Stone Soup version 0.19.0-9-gfd783f2 (webtiles) character file.

373 tv1990 the Bolt Thrower (level 7, -5/54 HPs)
             Began as a Formicid Arcane Marksman on Nov 7, 2016.
             Slain by an orc priest
             ... wielding a +2 short sword of electrocution
              (12 damage)
             ... on level 4 of the Dungeon.
             The game lasted 00:09:17 (3856 turns).

tv1990 the Bolt Thrower (Formicid Arcane Marksman)  Turns: 3856, Time: 00:09:17

Health: -5/54      AC: 10    Str: 15    XL:     7   Next: 2%
Magic:  8/8        EV:  6    Int: 13    God:
Gold:   150        SH:  0    Dex: 12    Spells: 1 memorised, 7 levels left

rFire  . . .     SeeInvis +     z - +0 quarterstaff
rCold  . . .     Gourm    .     p - +0 chain mail
rNeg   . . .     Faith    .     (no shield)
rPois  .         Spirit   .     (helmet unavailable)
rElec  .         Reflect  .     v - +1 cloak
rCorr  .         Harm     .     (no gloves)
MR     .....                    (no boots)
Stlth  ..........               g - amulet of regeneration
                                x - ring of see invisible
                                k - ring of teleportation

@: no status effects
A: permanent stasis, dig shafts and tunnels, four strong arms, antennae 3
a: Dig, Shaft Self


You were on level 4 of the Dungeon.
You were very hungry.

You visited 1 branch of the dungeon, and saw 5 of its levels.

You collected 150 gold pieces.

Inventory:

Hand Weapons
 a - a +1 hand crossbow
 r - a +0 mace
 y - a +0 spear
 z - a +0 quarterstaff (weapon)
Missiles
 d - 11 bolts
Armour
 e - a +0 robe
 i - a +0 leather armour
 p - a +0 chain mail (worn)
 v - a +1 cloak (worn)
Jewellery
 g - an amulet of regeneration (around neck)
 k - a ring of teleportation (left hand)
 x - a ring of see invisible (right hand)
Wands
 w - a wand of random effects (32/48)
Scrolls
 s - a scroll of magic mapping
 u - a scroll of remove curse
Potions
 b - a potion of invisibility
 l - 4 potions of haste {unknown}
 m - a potion of ambrosia {unknown}
 o - 3 potions of heal wounds {unknown}
 q - a potion of degeneration {unknown}
 t - 4 potions of curing {unknown}
Books
 c - a book of Debilitation

   Spells                             Type                      Level
   a - Corona                         Hexes                        1
   b - Slow                           Hexes                        2
   c - Gell's Gravitas                Hexes/Translocation          3
   d - Inner Flame                    Hexes/Fire                   3
   e - Cause Fear                     Hexes                        4
   f - Leda's Liquefaction            Hexes/Earth                  4
Comestibles
 f - 6 bread rations
 h - a slice of pizza
 j - 2 meat rations


   Skills:
 + Level 4.1 Fighting
 * Level 5.8 Crossbows
 - Level 1.7 Dodging
 - Level 1.1 Spellcasting
 - Level 3.6 Hexes


You had 7 spell levels left.
You knew the following spells:

 Your Spells              Type           Power        Failure   Level  Hunger
a - Corona                Hex            ##.....      99%         1    ##.....


Dungeon Overview and Level Annotations

Branches:
Dungeon (5/15)
 Temple: D:4-7

Altars:


Innate Abilities, Weirdness & Mutations

You are under a permanent stasis effect.
You can dig through walls and to a lower floor.
Your four strong arms can wield two-handed weapons with a shield.
You have a pair of large antennae on your head. (SInv)


Message History

The orc priest hits you but does no damage.
You are electrocuted!
* * * LOW HITPOINT WARNING * * *
The orc priest hits you with a short sword of electrocution.
* * * LOW HITPOINT WARNING * * *
You hit the orc priest.
The orc priest is heavily wounded.
The orc priest invokes the aid of Beogh against you.
You struggle to resist.
You closely miss the orc priest.
The orc priest is heavily wounded.
The orc priest calls down the wrath of Beogh upon you.
Beogh smites you!
* * * LOW HITPOINT WARNING * * *
You closely miss the orc priest.
The orc priest is heavily wounded.
The orc priest hits you with a short sword of electrocution.
* * * LOW HITPOINT WARNING * * *
You are electrocuted!
You die...

######## #####......#
#..........#
#o###......#
#@.........#
#.###.####.####
#.###.###.....#
#.#....##.....#
#.#....##.....#
#####.#....##.....#
###.......#.#####..##
#.........#.# ##.#
#.........#.######.#####


You could see an orc priest.

Vanquished Creatures
  An ogre (D:4)
  A hound (D:4)
  An orc wizard (D:4)
  Natasha (D:2)
  2 worker ants (D:4)
  5 adders
  2 oozes
  A worm (D:3)
  2 dart slugs
  5 leopard geckos
  3 orcs
  6 bats
  4 giant cockroaches
  15 goblins
  12 hobgoblins
  8 jackals
  8 kobolds
  A quokka (D:3)
  4 frilled lizards
  10 rats
92 creatures vanquished.

Notes
Turn   | Place    | Note
-------+----------+-------------------------------------------
     0 | D:1      | tv1990 the Formicid Arcane Marksman began the quest for the Orb.
     0 | D:1      | Reached XP level 1. HP: 15/15 MP: 2/2
    54 | D:1      | Reached XP level 2. HP: 16/21 MP: 3/3
   201 | D:1      | Reached XP level 3. HP: 3/27 MP: 4/4
   539 | D:1      | Reached skill level 3 in Crossbows
  1130 | D:2      | Reached XP level 4. HP: 33/33 MP: 5/5
  1444 | D:2      | Noticed Natasha
  1444 | D:2      | Killed Natasha
  1624 | D:2      | Reached skill level 4 in Crossbows
  1624 | D:2      | Reached XP level 5. HP: 40/40 MP: 6/6
  2921 | D:4      | Noticed an ogre
  2930 | D:4      | Killed an ogre
  2930 | D:4      | Reached skill level 5 in Crossbows
  2930 | D:4      | Reached XP level 6. HP: 36/48 MP: 7/7
  3813 | D:5      | Entered Level 5 of the Dungeon
  3828 | D:4      | Reached XP level 7. HP: 54/54 MP: 8/8
  3856 | D:4      | Slain by an orc priest

Skill      XL: |  1  2  3  4  5  6 |
---------------+-------------------+-----
Crossbows      | 3 4 5 |  5.8
Fighting       | 2 3 4 |  4.1
Dodging        | |  1.7
Spellcasting   | |  1.1
Hexes          | |  3.6

Action                   |  1- 3 |  4- 6 |  7- 9 || total
-------------------------+-------+-------+-------++-------
Melee: Mace              |       |    74 |       ||    74
       Spear             |       |    22 |       ||    22
       Quarterstaff      |       |    18 |    16 ||    34
 Fire: Hand crossbow     |   107 |   116 |       ||   223
  Use: Scroll            |       |     8 |       ||     8
       Potion            |       |     1 |       ||     1
  Eat: Chunk             |     1 |     7 |       ||     8
Armor: Leather armour    |     1 |       |       ||     1
       Chain mail        |    28 |   101 |    13 ||   142
       Skin              |       |     4 |       ||     4
Dodge: Dodged            |    27 |    62 |     4 ||    93

Table legend:
 A = Turns spent in this place as a percentage of turns spent in the entire game.
 B = Non-inter-level travel turns spent in this place as a percentage of non-inter-level travel turns spent in the entire game.
 C = Inter-level travel turns spent in this place as a percentage of turns spent in this place.
 D = Turns resting spent in this place as a percentage of non-inter-level travel turns spent in this place.
 E = Turns spent auto-exploring this place as a percentage of non-inter-level travel turns spent in this place.
 F = Non-inter-level travel turns spent in this place divided by the number of levels of this place that you've seen.
                   A       B       C       D       E      F
               +-------+-------+-------+-------+-------+----------------------
         Total | 100.0 | 100.0 |   1.1 |   1.6 |  26.4 | 140.4
       Dungeon | 100.0 | 100.0 |   1.1 |   1.6 |  26.4 | 140.4
               +-------+-------+-------+-------+-------+----------------------

Table legend:
 A = Kills in this place as a percentage of kills in entire the game.
 B = Kills by you in this place as a percentage of kills by you in the entire game.
 C = Kills by friends in this place as a percentage of kills by friends in the entire game.
 D = Other kills in this place as a percentage of other kills in the entire game.
 E = Experience gained in this place as a percentage of experience gained in the entire game.
 F = Experience gained in this place divided by the number of levels of this place that you have seen.
                   A       B       C       D       E      F
               +-------+-------+-------+-------+-------+----------------------
         Total | 100.0 | 100.0 |  -nan |  -nan | 100.0 | 106.6
       Dungeon | 100.0 | 100.0 |  -nan |  -nan | 100.0 | 106.6
               +-------+-------+-------+-------+-------+----------------------

Vault maps used:
D:1:      kennysheep_arrival_forest
D:2:      uniq_natasha
D:3:      corexii_shack_village, first_bread
D:4:      grunt_decor_cap
D:5:      nicolae_ru_awakened_eye
